 Dungeon Crawl Stone Soup version 0.32-a0-876-gcfddb08e57 (webtiles) character file.

Game seed: 9392683322917435212

19567 pokeman the Eclecticist (level 12, -10/66 HPs)
             Began as a Deep Elf Hedge Wizard on Mar 31, 2024.
             Was a Believer of Vehumet.
             Mangled by a skeletal warrior
             ... wielding a +0 halberd
              (15 damage)
             ... on level 12 of the Dungeon.
             The game lasted 00:35:11 (16594 turns).

pokeman the Eclecticist (Deep Elf Hedge Wizard)    Turns: 16594, Time: 00:35:12

Health: -10/66     AC: 15    Str:  7    XL:     12   Next: 37%
Magic:  4/34       EV: 11    Int: 25    God:    Vehumet [**....]
Gold:   614        SH:  0    Dex: 14    Spells: 12/44 levels left

rFire   . . .        w - +2 dagger (elec)
rCold   . . .        (no shield)
rNeg    . . .        y - +3 leather armour {Will+}
rPois   .            o - +2 helmet
rElec   .            A - +0 cloak
rCorr   .            l - +2 pair of gloves
SInv    +            h - +0 pair of boots
Will    ++...        R - amulet of magic regeneration
Stlth   ++           j - ring of see invisible
HPRegen 0.31/turn    B - ring of wizardry
MPRegen 0.64/turn

%: wizardry (x1)
@: on blink cooldown
A: no striking features
a: Renounce Religion


You were on level 12 of the Dungeon.
You worshipped Vehumet.
Vehumet was pleased with you.
You visited 2 branches of the dungeon, and saw 13 of its levels.

You collected 614 gold pieces.

Inventory:

Hand Weapons
 w - a +2 dagger of electrocution (weapon)
Missiles
 H - 6 curare-tipped darts
Armour
 h - a +0 pair of boots (worn)
 l - a +2 pair of gloves (worn)
 o - a +2 helmet (worn)
 y - a +3 leather armour of willpower (worn)
 A - a +0 cloak (worn)
 J - a +2 robe of resistance
 Q - the +5 ring mail of Responsibility {rF- rC+ Dex+8}
   (You took it off a wight on level 9 of the Dungeon)

   Dex+8:     It affects your dexterity (+8).
   rF-:       It makes you vulnerable to fire.
   rC+:       It protects you from cold.
Magical Staves
 b - a staff of conjuration
Jewellery
 e - a +6 ring of strength
 j - a ring of see invisible (left hand)
 B - a ring of wizardry (right hand)
 R - an amulet of magic regeneration (around neck)
Wands
 c - a wand of flame (3)
 P - a wand of acid (4)
Scrolls
 i - 2 scrolls of teleportation
 G - 2 scrolls of fear
 K - 3 scrolls of revelation
 M - 2 scrolls of vulnerability {unknown}
 O - a scroll of blinking {unknown}
 V - a scroll of enchant armour {unknown}
Potions
 a - 2 potions of degeneration {unknown}
 d - a potion of magic
 k - 3 potions of lignification {unknown}
 m - 3 potions of curing
 n - 2 potions of mutation {unknown}
 q - a potion of ambrosia {unknown}
 r - 2 potions of heal wounds {unknown}
 x - 2 potions of brilliance {unknown}
 C - 3 potions of haste {unknown}
 I - 2 potions of berserk rage {unknown}
 L - 2 potions of enlightenment {unknown}
 S - 2 potions of attraction {unknown}
 T - a potion of resistance {unknown}


   Skills:
 - Level 4.0 Fighting
 + Level 6.0 Armour
 - Level 3.0 Dodging
 - Level 3.0 Stealth
 * Level 16.7 Spellcasting
 + Level 10.0 Conjurations
 - Level 1.1 Summonings
 - Level 2.0 Necromancy
 - Level 1.1 Translocations
 + Level 8.1 Ice Magic
 - Level 1.0 Air Magic
 - Level 7.0 Earth Magic
 - Level 1.0 Alchemy
 - Level 1.0 Evocations


You had 12 spell levels left.
You knew the following spells:

 Your Spells              Type           Power      Damage    Failure   Level
a - Magic Dart            Conj           100%       1d8       1%          1
b - Mephitic Cloud        Conj/Alch/Air  41%        N/A       1%          3
c - Call Imp              Summ           52%        N/A       1%          2
d - Blink                 Tloc           52%        N/A       1%          2
e - Stone Arrow           Conj/Erth      100%       3d13      1%          3
f - Summon Ice Beast      Ice/Summ       43%        N/A       1%          3
g - Lee's Rapid Deconstr  Erth           27%        3d14*     2%          5
h - Permafrost Eruption   Ice/Erth       28%        2x4d7     10%         6
i - Ozocubu's Refrigerat  Ice            28%        4d13      38%         7

Your spell library contained the following spells:

 Spells                   Type           Power      Damage    Failure   Level
 Inner Flame              Hex/Fire       20%        N/A       4%          3
 Slow                     Hex            80%        N/A       1%          1
 Summon Small Mammal      Summ           100%       N/A       1%          1
 Cigotuvi's Dreadful Rot  Necr/Alch/Air  54%        N/A       1%          2
 Lesser Beckoning         Tloc           52%        N/A       1%          2
 Sublimation of Blood     Necr           30%        N/A       1%          2
 Call Canine Familiar     Summ           26%        N/A       2%          3
 Teleport Other           Tloc           26%        N/A       2%          3
 Animate Armour           Summ/Erth      82%        N/A       2%          4
 Leda's Liquefaction      Alch/Erth      20%        N/A       2%          4
 Maxwell's Portable Pile  Tloc           26%        2d(9-17)  9%          4
 Olgreb's Toxic Radiance  Alch           26%        N/A       9%          4
 Summon Blazeheart Golem  Fire/Summ      23%        N/A       12%         4
 Summon Mana Viper        Hex/Summ       23%        N/A       30%         5
 Lehudib's Crystal Spear  Conj/Erth      29%        10d8      93%         8
 Monstrous Menagerie      Summ           13%        N/A       99%         7
 Summon Hydra             Summ           13%        N/A       99%         7
 Discord                  Hex            10%        N/A       100%        8


Dungeon Overview and Level Annotations

Branches:
Dungeon (12/15)            Temple (1/1) D:6            Lair (0/5) D:11
    Orc (0/2) D:9

Altars:
Ashenzari
Cheibriados
Dithmenos
Elyvilon
Fedhas
Gozag
Hepliaklqana
Kikubaaqudgha
Makhleb
Nemelex Xobeh
Okawaru
Qazlal
Ru
Sif Muna
Trog
Uskayaw
Vehumet
Wu Jian
Xom
Yredelemnul
Zin
The Shining One

Annotations:
D:6 3 runed translucent doors, Griffin23's ghost, novice MiFi; Posi's ghost, novice DsIE; gtommo1's ghost, novice MDFi
D:10 3 runed translucent doors, NotBatman's ghost, journeyman MDFi
D:11 3 runed translucent doors, Griffin23's ghost, journeyman MiFi; avangion's ghost, journeyman DECj


Message History

The skeletal warrior hits you from afar with a +0 halberd!!
Casting: Lee's Rapid Deconstruction (dangerous; 2% risk of failure)
Confirm with . or Enter, or press ? or * to list all spells.
You blink.
Unknown command.
Casting: Blink (safe; 1% risk of failure)
Confirm with . or Enter, or press ? or * to list all spells.
Aiming: Lee's Rapid Deconstruction (dangerous; 2% risk of failure)
Press: ? - help, Dir - move target, f - skeletal warrior Fragment what (e.g. wall or brittle monster)?: a skeletal warrior, wielding a +0 halberd The skeletal warrior shatters!!
The skeletal warrior is moderately damaged.
The blast of bone shards hits the skeletal warrior but does no damage.
The skeletal warrior hits you but does no damage.
The skeletal warrior hits you from afar with a +0 halberd.
Unknown command.
Casting: Lee's Rapid Deconstruction (dangerous; 2% risk of failure)
Confirm with . or Enter, or press ? or * to list all spells.
Aiming: Lee's Rapid Deconstruction (dangerous; 2% risk of failure)
Press: ? - help, Dir - move target, f/p - skeletal warrior Fragment what (e.g. wall or brittle monster)?: a skeletal warrior, wielding a +0 halberd (moderately damaged)
The skeletal warrior shatters!!
The skeletal warrior is severely damaged.
The blast of bone shards hits the skeletal warrior but does no damage.
The skeletal warrior hits you with a +0 war axe!
* * * LOW HITPOINT WARNING * * *
The skeletal warrior hits you from afar with a +0 halberd!
* * * LOW HITPOINT WARNING * * *
Unknown command.
Okay, then.
Okay, then.
Unknown command.
Unknown command.
It was a potion of curing.
You feel better.
The skeletal warrior hits you with a +0 war axe.
* * * LOW HITPOINT WARNING * * *
The skeletal warrior hits you from afar with a +0 halberd!
* * * LOW HITPOINT WARNING * * *
The skeletal warrior hits you from afar with a +0 halberd!
You die...

.........#....###+###........#...
.........#....# #..#...
.....##..##.... # ##..#...
.....##'## .# #...'...
#######..###### ..# ##..#...
#..##...##...# ##+#...
+............' #...
#.......############# #...
######'##.@.........####...
...........z................
.............z..............
............................
..........###########.<.....
.........)#.......†.#.)...).
........).#.........'.......
..........#..###..###)......
###+#....#..###..#######...


You could see 2 skeletal warriors.

Vanquished Creatures
  Josephine (D:10)
  2 boulder beetles (D:12)
  2 two-headed ogres
  2 skeletal warriors (D:12)
  Pikel (D:5)
  A deep elf pyromancer (D:10)
  A deep elf zephyrmancer (D:10)
  3 manticores
  A cyclops (D:11)
  A kobold demonologist (D:9)
  4 trolls
  3 wraiths (D:10)
  A vampire (D:8)
  Eustachio (D:4)
  A wyvern (D:11)
  18 yaks
  3 steam dragons
  Edmund (D:5)
  6 vampire mosquitoes
  An acid dragon (D:9)
  A water moccasin (D:7)
  A swamp drake (D:10)
  7 orc warriors
  2 black bears
  2 laughing skulls (D:11)
  An ice beast (D:6)
  5 centaurs
  An ogre (D:5)
  2 wolves (D:11)
  3 phantoms
  17 kobold brigands
  2 bullfrogs
  3 scorpions
  14 wights
  6 killer bees
  9 howler monkeys
  A crimson imp (D:10)
  A bombardier beetle (D:6)
  A jelly (D:4)
  A hound (D:5)
  12 orc priests
  Crazy Yiuf (D:4)
  An iron imp (D:10)
  A sleepcap (D:6)
  5 iguanas
  20 orc wizards
  Natasha (thrice) (D:4)
  A gnoll (D:6)
  19 adders
  3 shadow imps
  2 white imps
  An ufetubus (D:7)
  3 dart slugs
  54 orcs
  8 ball pythons
  3 endoplasms
  2 giant cockroaches (D:3)
  4 goblins
  3 hobgoblins
  4 jackals
  14 kobolds
  6 quokkas
  4 bats
  A frilled lizard (D:2)
  A spectral kobold (D:10)
310 creatures vanquished.

Vanquished Creatures (collateral kills)
  2 yaks (D:9)
  A ribbon worm (D:3)
3 creatures vanquished.

Vanquished Creatures (others)
  A shadow imp (D:10)
  A white imp (D:10)
  An ufetubus (D:7)
  3 orcs (D:10)
6 creatures vanquished.

Grand Total: 319 creatures vanquished

Notes
Turn   | Place    | Note
-------+----------+-------------------------------------------
     0 | D:1      | pokeman the Deep Elf Hedge Wizard began the quest for the
                  | Orb.
     0 | D:1      | Reached XP level 1. HP: 10/10 MP: 7/7
  1180 | D:1      | Reached XP level 2. HP: 15/16 MP: 2/9
  1953 | D:2      | Reached skill level 5 in Spellcasting
  1953 | D:2      | Reached XP level 3. HP: 20/20 MP: 4/11
  1957 | D:2      | Learned a level 3 spell: Mephitic Cloud
  1960 | D:2      | Learned a level 2 spell: Call Imp
  1963 | D:2      | Learned a level 2 spell: Blink
  2973 | D:2      | Reached skill level 1 in Fighting
  2973 | D:2      | Reached skill level 1 in Armour
  3051 | D:2      | Reached XP level 4. HP: 25/25 MP: 8/13
  3915 | D:3      | Reached XP level 5. HP: 29/29 MP: 11/15
  3920 | D:3      | Reached skill level 6 in Spellcasting
  4158 | D:3      | Found a faded altar of an unknown god.
  4188 | D:3      | Found a shadowy altar of Dithmenos.
  4421 | D:4      | Reached skill level 1 in Evocations
  4649 | D:4      | Found a runed translucent door.
  4650 | D:4      | Noticed Crazy Yiuf
  4774 | D:4      | Reached skill level 1 in Air Magic
  4774 | D:4      | Reached skill level 1 in Alchemy
  4774 | D:4      | Reached XP level 6. HP: 34/34 MP: 10/17
  4845 | D:4      | Found a glowing silver altar of Zin.
  4915 | D:4      | Reached skill level 1 in Necromancy
  5098 | D:4      | Noticed Eustachio
  5123 | D:4      | Killed Eustachio
  5124 | D:4      | Reached skill level 7 in Spellcasting
  5148 | D:4      | Learned a level 3 spell: Stone Arrow
  5294 | D:4      | Reached XP level 7. HP: 39/39 MP: 15/19
  5357 | D:4      | Noticed Natasha
  5360 | D:4      | Killed Natasha
  5397 | D:4      | Noticed Natasha
  5401 | D:4      | Killed Natasha
  5478 | D:4      | Reached skill level 1 in Earth Magic
  5977 | D:4      | Killed Crazy Yiuf
  6110 | D:4      | Noticed Natasha
  6113 | D:4      | Killed Natasha
  6114 | D:4      | Reached skill level 8 in Spellcasting
  6123 | D:5      | Entered Level 5 of the Dungeon
  6123 | D:5      | Noticed Edmund
  6147 | D:5      | Killed Edmund
  6459 | D:5      | Noticed Pikel
  6468 | D:5      | Killed Pikel
  6469 | D:5      | Reached skill level 9 in Spellcasting
  6469 | D:5      | Reached skill level 5 in Conjurations
  6469 | D:5      | Reached XP level 8. HP: 20/44 MP: 1/23
  6938 | D:5      | Reached skill level 10 in Spellcasting
  6983 | D:5      | Learned a level 5 spell: Lee's Rapid Deconstruction
  6990 | D:5      | Learned a level 6 spell: Permafrost Eruption
  7149 | D:6      | Reached skill level 1 in Ice Magic
  7209 | D:6      | Found a runed translucent gate.
  7209 | D:6      | Found a runed translucent gate.
  7209 | D:6      | Found a runed translucent gate.
  7214 | D:6      | Noticed gtommo1's ghost (novice MDFi)
  7214 | D:6      | Noticed Posi's ghost (novice DsIE)
  7216 | D:6      | Noticed Griffin23's ghost (novice MiFi)
  7493 | D:6      | Reached XP level 9. HP: 48/48 MP: 18/25
  7892 | D:6      | Found a staircase to the Ecumenical Temple.
  7933 | Temple   | Entered the Ecumenical Temple
  8018 | D:6      | Found a snail-covered altar of Cheibriados.
  8397 | D:7      | Noticed a troll
  8401 | D:7      | Killed a troll
  8402 | D:7      | Reached skill level 11 in Spellcasting
  8571 | D:7      | Found a bloodstained altar of Trog.
  8775 | D:7      | Reached skill level 5 in Earth Magic
  8974 | D:7      | Found a broken altar of Ashenzari.
  9494 | D:8      | Reached skill level 12 in Spellcasting
  9736 | D:8      | Reached XP level 10. HP: 56/56 MP: 18/28
 10475 | D:8      | Learned a level 3 spell: Summon Ice Beast
 11105 | D:9      | Found a staircase to the Orcish Mines.
 11157 | D:9      | Noticed a two-headed ogre
 11179 | D:9      | Killed a two-headed ogre
 11180 | D:9      | Reached skill level 13 in Spellcasting
 11188 | D:9      | Found an ancient bone altar of Kikubaaqudgha.
 11472 | D:9      | Reached skill level 5 in Ice Magic
 11871 | D:9      | Identified the +5 ring mail of Responsibility {rF- rC+
                  | Dex+8}
 12309 | D:9      | Found a radiant altar of Vehumet.
 12314 | D:9      | Became a worshipper of Vehumet
 12323 | D:9      | Noticed a manticore
 12329 | D:9      | Killed a manticore
 12330 | D:9      | Reached XP level 11. HP: 40/61 MP: 10/30
 12331 | D:9      | Reached skill level 14 in Spellcasting
 12818 | D:9      | Found a hide-covered altar of Uskayaw.
 13149 | D:10     | Entered Level 10 of the Dungeon
 13226 | D:10     | Learned a level 7 spell: Ozocubu's Refrigeration
 13423 | D:10     | Found a runed translucent gate.
 13424 | D:10     | Found a runed translucent gate.
 13424 | D:10     | Noticed a white ugly thing
 13425 | D:10     | Found a runed translucent gate.
 13425 | D:10     | Noticed NotBatman's ghost (journeyman MDFi)
 13430 | D:10     | Noticed a flayed ghost
 13986 | D:10     | Reached * piety under Vehumet
 13986 | D:10     | Offered knowledge of Freeze by Vehumet.
 14096 | D:10     | Noticed Josephine
 14100 | D:10     | Killed Josephine
 14273 | D:10     | Found a hazy altar of Hepliaklqana.
 14344 | D:10     | Noticed a deep elf zephyrmancer
 14350 | D:10     | Killed a deep elf zephyrmancer
 14351 | D:10     | Reached skill level 15 in Spellcasting
 14461 | D:10     | Noticed a deep elf pyromancer
 14465 | D:10     | Killed a deep elf pyromancer
 14466 | D:10     | Reached skill level 5 in Armour
 14975 | D:11     | Noticed a two-headed ogre
 14987 | D:11     | Killed a two-headed ogre
 15033 | D:11     | Offered knowledge of Searing Ray by Vehumet.
 15098 | D:11     | Reached ** piety under Vehumet
 15211 | D:11     | Identified the +0 leather armour "Solasuam" {rPois rC-
                  | Dex+2 Stlth+}
 15252 | D:11     | Found a staircase to the Lair.
 15299 | D:11     | Found a runed translucent gate.
 15299 | D:11     | Found a runed translucent gate.
 15320 | D:11     | Found a runed translucent gate.
 15320 | D:11     | Noticed Griffin23's ghost (journeyman MiFi)
 15323 | D:11     | Noticed avangion's ghost (journeyman DECj)
 15342 | D:11     | Reached XP level 12. HP: 66/66 MP: 25/33
 15408 | D:11     | Reached skill level 16 in Spellcasting
 16231 | D:12     | Noticed a boulder beetle
 16317 | D:12     | Killed a boulder beetle
 16405 | D:12     | Noticed a boulder beetle
 16415 | D:12     | Killed a boulder beetle
 16578 | D:12     | Offered knowledge of Inner Flame by Vehumet.
 16583 | D:12     | Reached skill level 10 in Conjurations
 16594 | D:12     | Mangled by a skeletal warrior

Illustrated notes

Levels and vault maps discovered:
D:1:      sevenhm_arrival_forest_fort_large_2, layout_basic, minmay_statues_item
D:2:      layout_loops_corners, kennysheep_nondescript, minmay_snake_closets
D:3:      layout_loops_ring, grunt_dithmenos_smoke_and_mirrors,
          hellmonk_ecumenical_altar_blasted
D:4:      layout_basic, mainiacjoe_overflow_alcove_1, serial_park_tiny_1,
          serial_library_hellmonk_open_cross, uniq_crazy_yiuf_cottage,
          uniq_natasha, uniq_eustachio
D:5:      layout_rooms, minmay_misc_feat_doors, nicolae_kite_square_tiling_tiny,
          kennysheep_potato, uniq_edmund, uniq_pikel
D:6:      layout_rooms, kennysheep_slug_shrine,
          minmay_temple_entry_antechambers, gammafunk_ghost_cemetery,
          st_stairs_14, corexii_item_surrounded_by_moat
D:7:      layout_gridville, cheibrodos_ashenzari_chains, trog_butcher_becter
D:8:      layout_loops_corners
D:9:      layout_roguey [special_room_kobold], mainiacjoe_overflow_boulevard,
          nicolae_uskayaw_murder_on_the_dancefloor, lemuel_crystal_altar,
          small_chamber_with_monster, minmay_fractal_squares_5
D:10:     layout_loops_ring, nicolae_hepliaklqana_monster_ancestors,
          serial_aquarium, aquarium_bridge_square [aquarium_subvault_bridge,
          aquarium_subvault_bridge, aquarium_subvault_window,
          aquarium_subvault_window], aquarium_bridge_straight
          [aquarium_subvault_bridge, aquarium_subvault_balcony,
          aquarium_subvault_bridge, aquarium_subvault_window],
          aquarium_window_2, aquarium_window_corridor_2, aquarium_window_2,
          aquarium_view_2e, aquarium_view_2d, aquarium_pool_five,
          gammafunk_ghost_split, hangedman_minor_magic, uniq_josephine
D:11:     layout_cross, erik_lair_orcish_takeover, gammafunk_ghost_cemetery
D:12:     layout_gridville, nzn_wu_jian_council_hall
Temple:   nicolae_temple_bog_church

Skill      XL: |  1  2  3  4  5  6  7  8  9 10 11 12 |
---------------+-------------------------------------+-----
Spellcasting   | 5 6 7 9 10 12 13 15 16 | 16.7
Fighting       | 1 2 3 4 |  4.0
Armour         | 1 2 3 4 5 6 |  6.0
Conjurations   | 2 3 5 6 8 9 10 | 10.0
Stealth        | 3 |  3.0
Dodging        | 3 |  3.0
Evocations     | 1 |  1.0
Air Magic      | 1 |  1.0
Alchemy        | 1 |  1.0
Necromancy     | 2 |  2.0
Earth Magic    | 3 4 5 6 7 |  7.0
Ice Magic      | 1 3 5 7 8 |  8.1
Summonings     | |  1.1
Translocations | |  1.1

Action                     |  1- 3 |  4- 6 |  7- 9 | 10-12 || total
---------------------------+-------+-------+-------+-------++-------
  Melee: Dagger            |    10 |    35 |    10 |    29 ||    84
         Hand axe          |       |    25 |       |       ||    25
         Staff             |       |       |       |    11 ||    11
   Cast: Magic Dart        |    75 |   117 |    49 |    34 ||   275
         Blink             |    33 |       |       |     3 ||    36
         Mephitic Cloud    |       |     9 |     3 |    26 ||    38
         Call Imp          |       |     1 |       |     2 ||     3
         Stone Arrow       |       |       |   113 |   201 ||   314
         Lee's Rapid Decon |       |       |       |    68 ||    68
         Summon Ice Beast  |       |       |       |     2 ||     2
    Use: Scroll            |       |       |       |     9 ||     9
         Potion            |       |       |       |     1 ||     1
   Stab: Confused          |       |     7 |       |     9 ||    16
 Armour: Robe              |    21 |    29 |       |       ||    50
         Leather armour    |       |     1 |    27 |    83 ||   111
  Dodge: Dodged            |    20 |    45 |    11 |    45 ||   121

Table legend: (Time is in decaauts)
 A = Elapsed time spent in this place.
 B = Non-inter-level travel time spent in this place.
 C = Inter-level travel time spent in this place.
 D = Time resting spent in this place.
 E = Time spent auto-exploring this place.
 F = Levels seen in this place.
 G = Mean time per level.
                   A        B        C        D        E       F      G
               +--------+--------+--------+--------+--------+-----+--------+
         Total |  16618 |  15806 |    812 |    952 |  12561 |  13 | 1278.3 |
       Dungeon |  16568 |  15760 |    808 |    952 |  12561 |  12 | 1380.7 |
        Temple |     50 |     47 |      3 |      0 |      0 |   1 |   50.0 |
               +--------+--------+--------+--------+--------+-----+--------+

Top non-repeatable levels by time:
     D:9: 2002 daAuts
     D:1: 1873 daAuts
     D:8: 1795 daAuts
     D:4: 1740 daAuts
    D:10: 1657 daAuts
     D:2: 1538 daAuts
     D:7: 1332 daAuts
     D:6: 1102 daAuts
     D:5: 1000 daAuts
     D:3: 976 daAuts
    D:11: 867 daAuts
    D:12: 681 daAuts
  Temple: 50 daAuts
